 Dungeon Crawl Stone Soup version 0.28.0-45-g0d030f2227 (webtiles) character file.

Game seed: 664461956580056201

8229 DuloT34 the Fighter (level 11, -6/94 HPs)
             Began as a Djinni Fire Elementalist on May 20, 2022.
             Was a Priest of Ashenzari.
             Mangled by an eight-headed hydra (8 damage)
             ... on level 11 of the Dungeon on May 23, 2022.
             The game lasted 00:38:32 (13159 turns).

DuloT34 the Fighter (Djinni Fire Elementalist)     Turns: 13159, Time: 00:38:33

Health: -6/94      AC: 12    Str:  7    XL:     11   Next: 51%
Gold:   642        EV: 11    Int: 22    God:    Ashenzari [***...] SH:  0 Dex: 13

rFire   + + .      SeeInvis +   d - +4 quarterstaff of the Shattered God {chaos, Self, Range} (curse)
rCold   x . .      Faith    .   (shield currently unavailable)
rNeg    . . .      Spirit   .   a - +0 acid dragon scales
rPois   ∞          Reflect  .   w - +0 helmet
rElec   .          Harm     .   n - +2 cloak "Lashed Burden" {Will+, Fort, Range} (curse)
rCorr   +          Rampage  .   c - +1 pair of gloves of the Enigmatic Vision {Self, Cun} (curse)
Will    ++...      Clarity  +   (boots unavailable)
Stlth   ++........              o - amulet "Thunder Perfect Mind" {Regen+, Range, Evo} (curse)
HPRegen 1.05/turn               h - ring of see invisible
MPRegen 0.00/turn               (no ring)

@: flying
A: sickness immunity, fire resistance 2, cold vulnerability 1, float, innate
caster, HP casting, extra vitality 1
a: Renounce Religion, Curse Item, Shatter the Chains


You were on level 11 of the Dungeon.
You worshipped Ashenzari.
Ashenzari was most pleased with you.
You visited 2 branches of the dungeon, and saw 12 of its levels.
You also visited: Bailey.

You collected 642 gold pieces.

Inventory:

Hand Weapons
 d - the cursed +4 quarterstaff of the Shattered God (weapon) {chaos, Self, Range}
   (You took it off Crazy Yiuf on level 3 of the Dungeon)

   Each time it hits an enemy it has a different, random effect.
   It has a curse which improves the following skills: Introspection: Fighting
   and Spellcasting.
   Ranged Combat: Slings, Bows, Crossbows and Throwing.
 k - a +1 vorpal mace
 r - a +0 dagger of pain
Missiles
 q - 3 silver boomerangs (quivered)
Armour
 a - +0 acid dragon scales (worn)
 c - the cursed +1 pair of gloves of the Enigmatic Vision (worn) {Self, Cun}
   (You found it on level 1 of the Dungeon)

   It has a curse which improves the following skills: Introspection: Fighting
   and Spellcasting.
   Cunning:   Dodging and Stealth.
 m - +0 steam dragon scales
 n - the cursed +2 cloak "Lashed Burden" (worn) {Will+, Fort, Range}
   (You took it off Crazy Yiuf on level 3 of the Dungeon)

   It has a curse which improves the following skills: Fortitude: Armour and
   Shields.
   Ranged Combat: Slings, Bows, Crossbows and Throwing.
 w - a +0 helmet (worn)
 D - the +2 pair of gloves of the Slightly Bent {+Inv rElec Regen+ Str+4}
   (You acquired it on level 10 of the Dungeon)

   Str:       It affects your strength (+4).
   rElec:     It insulates you from electricity.
   +Inv:      It lets you turn invisible.
   Regen:     It increases your rate of health regeneration.
Jewellery
 h - a ring of see invisible (left hand)
 o - the cursed amulet "Thunder Perfect Mind" (around neck) {Regen+, Range, Evo}
   (You found it on level 6 of the Dungeon)

   [amulet of regeneration]

   Regen:     It increases your rate of health regeneration.
   It has a curse which improves the following skills: Ranged Combat: Slings,
   Bows, Crossbows and Throwing.
   Evocations: Evocations.
Wands
 s - a wand of acid (9)
 t - a wand of iceblast (21)
Scrolls
 b - 2 scrolls of magic mapping
 u - a scroll of teleportation
 v - a scroll of silence
 x - 2 scrolls of fear
 A - a scroll of blinking
 C - a scroll of fog
Potions
 e - 5 potions of curing
 f - 2 potions of might
 g - 3 potions of ambrosia
 i - 4 potions of heal wounds
 j - 5 potions of haste
 l - 2 potions of mutation
 p - 3 potions of attraction
 z - a potion of resistance
 B - a potion of berserk rage


   Skills:
 + Level 12.1(14.5) Fighting
 - Level 2.1(3.4) Dodging
 - Level 1.5(2.7) Stealth
 + Level 9.8(12.2) Spellcasting


You had 7 spell levels left.
You knew the following spells:

 Your Spells              Type           Power      Damage    Failure   Level
a - Foxfire               Conj/Fire      100%       2x1d9     1%          1
b - Scorch                Fire           100%       2d10      1%          2
c - Conjure Flame         Conj/Fire      61%        6-21      1%          3
d - Inner Flame           Hex/Fire       61%        N/A       1%          3
e - Flame Wave            Conj/Fire      61%        2d12      1%          4
f - Shock                 Conj/Air       100%       1d9       1%          1
g - Searing Ray           Conj           100%       2d8       1%          2
h - Vampiric Draining     Necr           61%        2d10      1%          3
i - Mephitic Cloud        Conj/Pois/Air  61%        N/A       1%          3
j - Blade Hands           Tmut           30%        N/A       1%          5
Your spell library was empty.

Dungeon Overview and Level Annotations

Branches:
Dungeon (11/15)            Temple (1/1) D:5            Lair (0/6) D:11
    Orc (0/2) D:10         Bailey (visited)

Altars:
Ashenzari
Cheibriados
Dithmenos
Elyvilon
Fedhas
Hepliaklqana
Kikubaaqudgha
Makhleb
Sif Muna
Uskayaw
Xom
Zin
The Shining One

Shops:
D:3 :   D:4 *


Innate Abilities, Weirdness & Mutations

You are immune to sickness and miasma.
You are immune to poison.
Your flesh is very heat resistant. (rF++)
You are vulnerable to cold. (rC-)
You float through the air rather than walking.
You learn spells naturally, not from books.
Your magical power is your life essence.
You have superior vitality. (+4 MHP)


Message History

Casting: Mephitic Cloud (safe; 1% risk of failure)
Confirm with . or Enter, or press ? or * to list all spells.
Aiming: Vampiric Draining (safe; 1% risk of failure)
Press: ? - help, Shift-Dir - straight line, f/p - eight-headed hydra
Aim: an eight-headed hydra (severely wounded)
You draw life force from the eight-headed hydra!
You feel life coursing into your body!
* * * LOW HITPOINT WARNING * * *
The boulder beetle is engulfed in noxious fumes.
The boulder beetle appears confused.
The eight-headed hydra bites you but does no damage.
The eight-headed hydra bites you.
* * * LOW HITPOINT WARNING * * *
The eight-headed hydra completely misses you.
The eight-headed hydra bites you but does no damage.
The eight-headed hydra bites you.
* * * LOW HITPOINT WARNING * * *
The eight-headed hydra bites you.
* * * LOW HITPOINT WARNING * * *
The eight-headed hydra bites you but does no damage.
The eight-headed hydra closely misses you.
Casting: Vampiric Draining (safe; 1% risk of failure)
Confirm with . or Enter, or press ? or * to list all spells.
Aiming: Vampiric Draining (safe; 1% risk of failure)
Press: ? - help, Shift-Dir - straight line, f/p - eight-headed hydra
Aim: an eight-headed hydra (almost dead)
You draw life force from the eight-headed hydra.
You feel life coursing into your body.
* * * LOW HITPOINT WARNING * * *
The boulder beetle bites the eight-headed hydra.
The eight-headed hydra misses you. The eight-headed hydra bites you.
* * * LOW HITPOINT WARNING * * *
The eight-headed hydra barely misses you.
The eight-headed hydra bites you but does no damage.
The eight-headed hydra bites you!
* * * LOW HITPOINT WARNING * * *
The eight-headed hydra bites you.
* * * LOW HITPOINT WARNING * * *
The eight-headed hydra bites you!
You die...

...............#.# #......#
..##############.####......#
* ..........# #.#.........#
..........######...........#
*,
................#..........#
*
................#.######.###
................#..# #.# ,
................##o### *.# ,
.)).............@DB..# .#
...)...........####..# ,
##.............####..# ,
#........).......##{# ,*
#.........#......##.# ,*
#.........#......##o#*
##........)#......##.# , ,
...........#......##..
...........##.######...{ ,


You could see a boulder beetle (confused), an eight-headed hydra and an orc
wizard.

Vanquished Creatures
  A two-headed ogre (D:11)
  An orc knight (Bailey)
  A deep elf pyromancer (Bailey)
  A cyclops (D:8)
  An ugly thing (D:6)
  Maurice (D:10)
  Maggie (D:6)
  4 yaks (D:9)
  A shadow (D:11)
  A wyvern (D:7)
  A steam dragon (D:9)
  3 vampire mosquitoes (D:10)
  An acid dragon (D:11)
  3 wargs (D:9)
  Duvessa (D:6)
  A water moccasin (D:7)
  A black bear (D:4)
  8 orc warriors
  2 sky beasts
  3 ogres
  3 centaurs
  2 kobold brigands
  2 bullfrogs
  A gnoll sergeant (D:10)
  A wyvern zombie (D:8)
  A water moccasin zombie (D:5)
  4 scorpions
  Dowan (D:6)
  3 killer bees (D:8)
  2 howler monkeys (D:8)
  An electric eel (D:10)
  4 orc priests
  A hound (D:6)
  Crazy Yiuf (D:3)
  2 centaur skeletons
  2 jellies
  3 iguanas
  5 orc wizards
  3 howler monkey zombies
  6 adders
  5 gnolls
  2 shadow imps
  2 white imps
  2 worms
  3 dart slugs
  35 orcs
  5 ball pythons
  6 bats
  4 endoplasms
  3 giant cockroaches
  8 hobgoblins
  7 quokkas
  3 frilled lizards
  4 goblins
  8 kobolds
  2 rats
184 creatures vanquished.

Vanquished Creatures (others)
  566 foxfires
566 creatures vanquished.

Grand Total: 750 creatures vanquished

Notes
Turn   | Place    | Note
-------+----------+-------------------------------------------
     0 | D:1      | DuloT34 the Djinni Fire Elementalist began the quest for
                  | the Orb.
     0 | D:1      | Reached XP level 1. HP: 15/15 MP: 0/0
   124 | D:1      | Found a faded altar of an unknown god.
   474 | D:1      | Reached XP level 2. HP: 19/22 MP: 0/0
   569 | D:1      | Reached skill level 1 in Fighting
   918 | D:1      | Reached XP level 3. HP: 4/27 MP: 0/0
   918 | D:1      | Learned a level 1 spell: Shock
  1899 | D:2      | Reached skill level 2 in Fighting
  2237 | D:2      | Reached XP level 4. HP: 27/33 MP: 0/0
  3053 | D:3      | Found Peuluj's Book Emporium.
  4318 | D:3      | Found a runed translucent door.
  4319 | D:3      | Noticed Crazy Yiuf
  4846 | D:3      | Killed Crazy Yiuf
  4847 | D:3      | Reached skill level 3 in Fighting
  4847 | D:3      | Reached XP level 5. HP: 23/40 MP: 0/0
  4847 | D:3      | Learned a level 2 spell: Searing Ray
  5331 | D:4      | Noticed an ogre
  5343 | D:4      | Killed an ogre
  5344 | D:4      | Reached XP level 6. HP: 39/47 MP: 0/0
  5411 | D:4      | Reached skill level 4 in Fighting
  5845 | D:4      | Found Xaudugif's General Store.
  6446 | D:4      | Noticed a black bear
  6466 | D:4      | Killed a black bear
  6467 | D:4      | Reached XP level 7. HP: 44/53 MP: 0/0
  6467 | D:4      | Learned a level 3 spell: Vampiric Draining
  6821 | D:5      | Entered Level 5 of the Dungeon
  6889 | D:5      | Reached skill level 5 in Fighting
  7018 | D:5      | Reached skill level 5 in Spellcasting
  7060 | D:5      | Reached XP level 8. HP: 56/60 MP: 0/0
  7164 | D:5      | Reached skill level 6 in Fighting
  7459 | D:5      | Found a glowing golden altar of the Shining One.
  7547 | D:5      | Found a staircase to the Ecumenical Temple.
  7556 | Temple   | Entered the Ecumenical Temple
  7612 | Temple   | Became a worshipper of Ashenzari the Shackled
  8045 | D:6      | Noticed Duvessa
  8046 | D:6      | Noticed Dowan
  8051 | D:6      | Killed Dowan
  8057 | D:6      | Killed Duvessa
  8058 | D:6      | Reached skill level 7 in Fighting
  8433 | D:6      | Reached * piety under Ashenzari
  8448 | D:6      | Reached XP level 9. HP: 70/70 MP: 0/0
  8448 | D:6      | Learned a level 3 spell: Mephitic Cloud
  8496 | D:6      | Found a hazy altar of Hepliaklqana.
  8585 | D:7      | Noticed Maggie
  8589 | D:7      | Noticed a brown ugly thing
  8595 | D:6      | Killed Maggie
  8596 | D:6      | Reached skill level 8 in Fighting
  8717 | D:6      | Killed a brown ugly thing
  9130 | D:7      | Reached ** piety under Ashenzari
  9288 | D:7      | Reached skill level 9 in Fighting
  9514 | D:8      | Reached XP level 10. HP: 78/81 MP: 0/0
  9586 | D:8      | Noticed a cyclops
  9605 | D:8      | Killed a cyclops
  9702 | D:8      | Found a snail-covered altar of Cheibriados.
  9778 | D:8      | Reached *** piety under Ashenzari
  9807 | D:8      | Reached skill level 10 in Fighting
  9882 | D:8      | Found a burning altar of Makhleb.
 10125 | D:9      | Found a flagged portal.
 10133 | Bailey   | Entered a bailey
 10481 | Bailey   | Noticed an orc knight
 10507 | Bailey   | Killed an orc knight
 10796 | Bailey   | Found a large runed translucent door.
 10796 | Bailey   | Found a large runed translucent door.
 10796 | Bailey   | Noticed a deep elf pyromancer
 10798 | Bailey   | Identified the Tome of Feathers and the Escort
 10872 | Bailey   | Killed a deep elf pyromancer
 11082 | D:9      | Found a shadowy altar of Dithmenos.
 11522 | D:10     | Entered Level 10 of the Dungeon
 11522 | D:10     | Found a staircase to the Orcish Mines.
 11531 | D:9      | Reached skill level 11 in Fighting
 11531 | D:9      | Reached XP level 11. HP: 68/92 MP: 0/0
 11531 | D:9      | Learned a level 5 spell: Blade Hands
 12624 | D:10     | Noticed Maurice
 12641 | D:10     | Killed Maurice
 12679 | D:10     | Identified a scroll of acquirement
 12688 | D:10     | Acquired the +2 pair of gloves of the Slightly Bent {+Inv
                  | rElec Regen+ Str+4}
 12759 | D:11     | Noticed a two-headed ogre
 12759 | D:11     | Noticed a two-headed ogre
 12933 | D:11     | Noticed a two-headed ogre
 12948 | D:11     | Reached skill level 12 in Fighting
 12952 | D:11     | Killed a two-headed ogre
 13105 | D:11     | Found a staircase to the Lair.
 13139 | D:11     | Noticed an eight-headed hydra
 13139 | D:11     | Noticed a boulder beetle
 13159 | D:11     | HP: 2/94 [eight-headed hydra (4)]
 13159 | D:11     | Mangled by an eight-headed hydra

Illustrated notes

Levels and vault maps discovered:
D:1:      dpeg_arrival_fog, layout_basic, hellmonk_ecumenical_altar_blasted,
          minmay_tromino_v2
D:2:      layout_basic, minmay_misc_feat_iff, minmay_close_crescents
D:3:      layout_loops_ring, serial_shops, nicolae_shop_trees,
          uniq_crazy_yiuf_cottage
D:4:      layout_loops_ring, serial_shops, nicolae_shop_window_shopping
D:5:      layout_cave_pools, kennysheep_mini, minmay_temple_entry_poolview
D:6:      layout_rooms, marbit_many_paths, minmay_fountain_box, uniq_duvessa
D:7:      layout_basic, uniq_maggie
D:8:      layout_basic, amcnicky_altar_gilded, mainiacjoe_overflow_boulevard,
          hellmonk_bongcloud_opening
D:9:      layout_roguey, lemuel_tele_altar, enter_bailey_2
D:10:     layout_cave_pools, minmay_orc_entry_guard_dogs,
          kennysheep_cluttered_room, uniq_maurice
D:11:     layout_basic, lair_entry_dummy, corexii_hall_statues_i
Temple:   minmay_crystal_spiral_temple

Skill      XL: |  1  2  3  4  5  6  7  8  9 10 11 |
---------------+----------------------------------+-----
Fighting       | 1 2 3 4 5 7 9 11 12 | 12.1
Spellcasting   | 3 4 5 6 7 8 9 |  9.8
Dodging        | |  2.1
Stealth        | |  1.5

Action                   |  1- 3 |  4- 6 |  7- 9 | 10-12 || total
-------------------------+-------+-------+-------+-------++-------
Melee: Unarmed           |     2 |       |       |       ||     2
       Mace              |       |     2 |       |       ||     2
       Quarterstaff      |       |     4 |     5 |     1 ||    10
 Cast: Foxfire           |    62 |    49 |   130 |   122 ||   363
       Scorch            |    12 |    24 |    40 |    51 ||   127
       Conjure Flame     |       |     2 |       |     3 ||     5
       Searing Ray       |       |     5 |     1 |     3 ||     9
       Vampiric Draining |       |       |    12 |    29 ||    41
       Mephitic Cloud    |       |       |     2 |    26 ||    28
       Flame Wave        |       |       |       |     8 ||     8
Invok: Curse Item        |       |       |     2 |     2 ||     4
  Use: Scroll            |     4 |     8 |     5 |     1 ||    18
 Stab: Sleeping          |       |     1 |       |       ||     1
Armor: Robe              |     2 |     1 |     3 |       ||     6
       Steam dragon scal |       |       |     8 |    21 ||    29
       Acid dragon scale |       |       |       |    15 ||    15
Dodge: Dodged            |     9 |    16 |    25 |    73 ||   123
